AoeStats
← Arkhannou

Arabia

505274237Analyzed
3v3 RM · 25d ago on Sep 8, 2026· 65m 13s· 6 players
Game mode
Random Map
Map size
Normal (6 player)
Population
200
Speed
Normal
Resources
Standard
Victory
Conquest
Starting age
Dark Age
Ending age
Imperial Age
RankedLock teamsTeams togetherTeam positionsShared explorationLock speedFull tech treeHidden civsTurbo modeCheats
Victory
Defeat
🇫🇷 Ethiopians · France
1330
+7
🇫🇷 Lithuanians · France
1285
+8
🇫🇷 Chinese · France
881
+44
🇭🇰 Berbers · Hong Kong SAR China
1111
-14
🇨🇭 Ethiopians · Switzerland
1104
-13
🇷🇴 Hindustanis · Romania
1027
-10
cpluk3
7:14 Loom
10:56 Feudal Age
16:53 Castle Age
18:31 Town Watch
18:42 Double-Bit Axe
22:26 Fletching
23:16 Bodkin Arrow
24:24 Padded Archer Armor
25:26 Stone Mining
25:51 Bow Saw
29:48 Wheelbarrow
31:38 Hand Cart
36:35 Kasbah
37:22 Leather Archer Armor
37:34 Gold Mining
38:37 Ballistics
41:34 Imperial Age
39:03 Horse Collar
43:21 Conscription
43:25 Scale Barding Armor
43:32 Forging
44:34 Ring Archer Armor
44:04 Bracer
44:33 Chain Barding Armor
44:38 Cavalier
45:19 Husbandry
45:30 Bloodlines
45:22 Light Cavalry
46:49 Iron Casting
47:38 Heavy Camel Rider
49:24 Plate Barding Armor
50:31 Blast Furnace
49:58 Hussar
63:31 Heavy Plow
FreakinAndry
7:39 Loom
10:04 Feudal Age
16:25 Double-Bit Axe
19:14 Fletching
19:24 Padded Archer Armor
24:52 Castle Age
24:06 Gold Mining
26:25 Bow Saw
26:33 Crossbowman
27:29 Bodkin Arrow
27:50 Leather Archer Armor
27:35 Elite Skirmisher
28:38 Scale Mail Armor
31:29 Thumb Ring
31:48 Chain Mail Armor
31:43 Forging
42:18 Ballistics
52:40 Imperial Age
50:49 Wheelbarrow
52:48 Imperial Age
54:39 Hand Cart
54:38 Bracer
55:08 Ring Archer Armor
55:41 Chemistry
62:52 Caravan
Citizzen
0:47 Loom
11:00 Feudal Age
17:07 Castle Age
17:40 Castle Age
15:29 Horse Collar
15:39 Double-Bit Axe
17:55 Bloodlines
19:02 Wheelbarrow
18:39 Light Cavalry
21:39 Scale Barding Armor
22:58 Husbandry
23:45 Heavy Plow
24:18 Bow Saw
24:54 Forging
26:51 Iron Casting
26:37 Chain Barding Armor
27:28 Gold Mining
27:28 Stone Mining
29:29 Hand Cart
29:00 Town Watch
34:38 Gold Shaft Mining
34:39 Stone Shaft Mining
39:01 Imperial Age
36:41 Grand Trunk Road
36:46 Murder Holes
38:38 Ballistics
40:12 Fletching
41:33 Two-Man Saw
41:11 Plate Barding Armor
39:59 Heavy Camel Rider
41:42 Blast Furnace
42:36 Bodkin Arrow
45:00 Imperial Camel Rider
52:20 Fortified Wall
53:11 Chemistry
55:27 Scale Mail Armor
55:37 Light Cavalry
58:42 Caravan
58:08 Hussar
62:21 Chain Mail Armor
Arkhannou
5:50 Loom
8:45 Feudal Age
10:31 Double-Bit Axe
10:27 Horse Collar
15:22 Wheelbarrow
20:27 Castle Age
19:47 Scale Barding Armor
19:54 Bloodlines
20:28 Gold Mining
20:51 Forging
21:38 Bow Saw
24:27 Fervor
25:09 Fletching
26:15 Heavy Plow
27:49 Town Watch
33:33 Hand Cart
33:48 Chain Barding Armor
36:22 Imperial Age
34:32 Husbandry
37:17 Chain Barding Armor
36:29 Cavalier
37:37 Conscription
38:13 Ballistics
40:09 Chemistry
39:21 Masonry
39:47 Hill Forts
41:38 Plate Barding Armor
42:50 Caravan
43:35 Iron Casting
44:21 Paladin
46:42 Murder Holes
47:59 Hoardings
50:12 Bodkin Arrow
52:24 Bracer
52:25 Scale Mail Armor
52:19 Elite Leitis
52:29 Light Cavalry
55:13 Winged Hussar
58:09 Chain Mail Armor
57:17 Pikeman
59:25 Coinage
59:06 Guilds
D.C.A
6:17 Loom
9:44 Feudal Age
10:42 Double-Bit Axe
13:33 Horse Collar
13:45 Fletching
21:15 Castle Age
21:16 Crossbowman
21:55 Bodkin Arrow
22:01 Padded Archer Armor
22:25 Bow Saw
24:21 Wheelbarrow
25:10 Scale Mail Armor
25:18 Thumb Ring
25:53 Squires
27:08 Gold Mining
34:57 Hand Cart
36:00 Stone Mining
39:33 Imperial Age
37:59 Chain Mail Armor
38:51 Ballistics
41:00 Bracer
40:22 Arbalester
43:06 Masonry
43:58 Chemistry
46:24 Leather Archer Armor
47:19 Conscription
54:41 Caravan
56:06 Plate Mail Armor
55:48 Forging
55:46 Halberdier
63:10 Capped Ram
Akan
0:32 Loom
10:23 Feudal Age
10:33 Man-at-Arms
15:16 Fletching
15:53 Double-Bit Axe
16:10 Horse Collar
20:29 Wheelbarrow
23:40 Castle Age
22:45 Gold Mining
22:48 Stone Mining
23:48 Padded Archer Armor
23:59 Forging
24:51 Thumb Ring
24:44 Bodkin Arrow
24:56 Crossbowman
26:07 Leather Archer Armor
28:21 Gold Shaft Mining
28:25 Wheelbarrow
31:08 Hand Cart
31:22 Bow Saw
31:15 Heavy Plow
35:53 Imperial Age
37:16 Bracer
37:47 Ring Archer Armor
37:41 Conscription
38:28 Arbalester
39:42 Ballistics
40:23 Chemistry
43:06 Rocketry
45:53 Elite Chu Ko Nu
47:18 Stone Shaft Mining
47:48 Two-Man Saw
51:58 Pikeman
52:40 Squires
52:26 Arson
52:53 Forging
52:43 Scale Mail Armor
54:38 Great Wall
54:38 Halberdier
55:55 Iron Casting
55:36 Chain Mail Armor
58:55 Blast Furnace
58:26 Plate Mail Armor
Connection lost

Rejoining the realm…

Still unreachable

The connection could not be restored.

Session expired

The server has moved on; the page needs a fresh start.